 Dungeon Crawl Stone Soup version 0.17-a0-1596-g1e86911 (webtiles) character file.

2401 urechis the Basher (level 9, -30/100 HPs)
             Began as an Ogre Gladiator on July 31, 2015.
             Was an Initiate of Ru.
             Annihilated by a hill giant
             ... wielding a +0 giant club
              (35 damage)
             ... on level 10 of the Dungeon.
             The game lasted 00:16:12 (6876 turns).

urechis the Basher (Ogre Gladiator)                 Turns: 6876, Time: 00:16:12

Health: -30/100    AC: 11    Str: 25    XL:     9   Next: 46%
Magic:  9/9        EV: 16    Int:  7    God:    Ru [......]
Gold:   435        SH:  0    Dex: 15    Spells: 0 memorised, 8 levels left

rFire  . . .     SeeInvis .     a - +1 flail (protect)
rCold  . . .     Clarity  .     b - +0 robe
rNeg   . . .     SustAt   .     (no shield)
rPois  .         Gourm    .     r - +1 hat
rElec  .         Spirit   .     i - +1 cloak {MR+}
rCorr  .         Warding  .     (gloves unavailable)
rMut   +         Stasis   .     (boots unavailable)
MR     ++...                    s - amulet of resist mutation
Stlth  ++........               (no ring)
                                q - ring of protection from magic

@: agile, very resistant to hostile enchantments, unstealthy
A: unfitting armour, tough skin 1
a: Renounce Religion


You were on level 10 of the Dungeon.
You worshipped Ru.
Ru was noncommittal.
You were hungry.

You visited 2 branches of the dungeon, and saw 10 of its levels.

You collected 435 gold pieces.

Inventory:

Hand weapons
 a - a +1 flail of protection (weapon)
 y - a cursed -2 giant spiked club
Missiles
 d - 3 throwing nets
 n - 50 poisoned needles
 o - 4 needles of frenzy
 t - 5 tomahawks (quivered)
Armour
 b - a +0 robe (worn)
 i - a +1 cloak of magic resistance (worn)
 r - a +1 hat (worn)
Jewellery
 q - a ring of protection from magic (left hand)
 s - an amulet of resist mutation (around neck)
Magical devices
 E - a wand of cold (12)
 F - a wand of confusion (34)
 I - a wand of lightning (7)
Scrolls
 k - 3 scrolls of immolation
 w - 2 scrolls of teleportation
 x - 4 scrolls of noise
 z - 2 scrolls of blinking
 C - a scroll of enchant armour
 G - a scroll of enchant weapon {unknown}
 L - a scroll of magic mapping {unknown}
 M - a scroll of recharging {unknown}
Potions
 h - a potion of brilliance
 u - 2 potions of agility
 v - a potion of curing
 B - 2 potions of might
 H - a potion of degeneration {unknown}
 J - a potion of mutation {unknown}
 K - a potion of invisibility {unknown}
Comestibles
 c - 3 beef jerkies
 e - 11 bread rations
 f - a royal jelly
 j - 2 meat rations
 l - 2 slices of pizza


   Skills:
 + Level 9.5 Fighting
 * Level 13.4 Maces & Flails
 - Level 2.1 Throwing
 - Level 2.6 Dodging


You had 8 spell levels left.
You didn't know any spells.

Dungeon Overview and Level Annotations

Branches:
Dungeon (11/15)            Temple (1/1) D:5
   Lair: D:8-11         Orc: D:9-12

Altars:
Cheibriados
Dithmenos
Elyvilon
Fedhas
Gozag
Kikubaaqudgha
Makhleb
Nemelex Xobeh
Okawaru
Qazlal
Ru
Sif Muna
Trog
Xom
Yredelemnul
Zin
The Shining One

Annotations:
D:6 cmdexe's ghost, experienced HuFi


Innate Abilities, Weirdness & Mutations

You are too large for most types of armour.
You have tough skin (AC +1).


Message History

You feel sick.
You feel sick.
You start resting.
You feel sick.
Drink which item? (? for menu, Esc to quit)
You feel better.
Drink which item? (? for menu, Esc to quit)
You feel agile all of a sudden.
You hit the hill giant.
The hill giant is lightly wounded.
The hill giant hits you with a giant club!!
You sock the hill giant!
The hill giant is moderately wounded.
The hill giant hits you with a giant club!!
* * * LOW HITPOINT WARNING * * *
You hit the hill giant but do no damage.
The hill giant is moderately wounded.
You completely miss the hill giant.
The hill giant is moderately wounded.
The hill giant hits you with a giant club!!
You die...

#.# #....# # ..#
#...# ##
#..####...###.
#..##........
#............
##............
##.............
####..............
#@C......#[.......
#####...####......
##..# #...... #..#
#..[... #..#
...##.. ##†##
#..## ## #..# #.##
#..## .. #..##


You could see a hill giant.

Vanquished Creatures
  A hill giant (D:11)
  A wyvern (D:10)
  Edmund (D:6)
  An orc warrior (D:11)
  Duvessa (D:6)
  An ice beast (D:5)
  A phantom (D:6)
  2 ogres (D:4)
  A giant frog (D:6)
  Dowan (D:6)
  3 scorpions
  A killer bee (D:10)
  3 crimson imps
  A hound (D:6)
  4 orc wizards
  A giant frog skeleton (D:5)
  2 iguanas
  6 orc priests
  3 worker ants
  2 worker ant zombies
  8 adders
  4 shadow imps
  3 oozes
  4 worms
  7 giant geckos
  21 orcs
  A ball python (D:4)
  8 bats
  5 hobgoblins
  7 jackals
  4 kobolds
  A quokka (D:6)
  5 giant cockroaches
  2 giant gecko skeletons
  2 giant newts
  4 goblins
  A jackal zombie (D:5)
  A quokka skeleton (D:6)
  6 rats
131 creatures vanquished.

Vanquished Creatures (others)
  3 plants (D:11)
3 creatures vanquished.

Grand Total: 134 creatures vanquished

Notes
Turn   | Place    | Note
--------------------------------------------------------------
     0 | D:1      | urechis the Ogre Gladiator began the quest for the Orb.
     0 | D:1      | Reached XP level 1. HP: 22/22 MP: 1/1
   180 | D:1      | Reached XP level 2. HP: 29/31 MP: 2/2
   859 | D:2      | Reached skill level 5 in Maces & Flails
   859 | D:2      | Reached XP level 3. HP: 37/37 MP: 3/3
  1152 | D:2      | Reached XP level 4. HP: 41/48 MP: 4/4
  1587 | D:3      | Reached skill level 6 in Maces & Flails
  1641 | D:3      | Found an opulent altar of Gozag.
  1641 | D:3      | Found a glowing silver altar of Zin.
  1670 | D:3      | Reached XP level 5. HP: 34/54 MP: 5/5
  1836 | D:3      | Found a glowing golden altar of the Shining One.
  1866 | D:3      | Found a deep blue altar of Sif Muna.
  2400 | D:3      | Reached skill level 7 in Maces & Flails
  2637 | D:4      | Reached skill level 5 in Fighting
  2637 | D:4      | Reached XP level 6. HP: 48/66 MP: 6/6
  2789 | D:4      | Reached skill level 8 in Maces & Flails
  3272 | D:4      | Noticed an ogre
  3279 | D:4      | Killed an ogre
  3279 | D:4      | Reached XP level 7. HP: 55/74 MP: 7/7
  3435 | D:4      | Noticed an ogre
  3474 | D:4      | Killed an ogre
  3474 | D:4      | Reached skill level 9 in Maces & Flails
  3830 | D:4      | Found a bloodstained altar of Trog.
  3915 | D:5      | Entered Level 5 of the Dungeon
  3915 | D:5      | Found a staircase to the Ecumenical Temple.
  3932 | Temple   | Entered the Ecumenical Temple
  3940 | Temple   | Became a worshipper of Ru the Awakened
  4045 | D:5      | Found a basalt altar of Yredelemnul.
  4273 | D:5      | Found an iron altar of Okawaru.
  4365 | D:5      | Reached skill level 10 in Maces & Flails
  4394 | D:5      | Found a blossoming altar of Fedhas.
  4404 | D:5      | Reached XP level 8. HP: 80/87 MP: 8/8
  4461 | D:5      | Found a shadowy altar of Dithmenos.
  4686 | D:6      | Noticed Dowan
  4689 | D:6      | Noticed Duvessa
  4704 | D:6      | Killed Duvessa
  4704 | D:6      | Reached skill level 11 in Maces & Flails
  4708 | D:6      | Killed Dowan
  4891 | D:6      | Noticed Edmund
  4963 | D:6      | Noticed cmdexe's ghost (experienced HuFi)
  5206 | D:6      | Got a steaming trident
  5207 | D:6      | Identified the cursed +0 trident of the Illusory Realms {venom, rC++} (You found it on level 6 of the Dungeon)
  5328 | D:6      | Killed Edmund
  5384 | D:7      | Reached skill level 12 in Maces & Flails
  5449 | D:7      | You fall through a shaft for 3 floors!
  5449 | D:10     | Entered Level 10 of the Dungeon
  5449 | D:10     | Noticed a hill giant
  5775 | D:11     | Noticed a hill giant
  5787 | D:11     | Killed a hill giant
  5787 | D:11     | Reached XP level 9. HP: 8/98 MP: 9/9
  6089 | D:11     | Reached skill level 13 in Maces & Flails
  6364 | D:11     | Noticed a hill giant
  6823 | D:10     | Identified a scroll of acquirement
  6874 | D:10     | HP: 4/100 [hill giant/giant club (28)]
  6876 | D:10     | Annihilated by a hill giant

Vault maps used:
D:1:      saegor_arrival_simple_b, grunt_decor_resistance
D:2:      first_bread
D:3:      grunt_temple_overflow_gold_and_silver, tgw_sif,
          nicolae_overflow_crystal_walls
D:4:      bloody_trog
D:5:      lemuel_doored_altar, overflow_temple_1_default, grunt_dithmenos_smoke,
          old_standard_altar, temple_fountains, serial_corexii_hall,
          corexii_hall_statues_t, corexii_hall_statues_s
D:6:      uniq_edmund, uniq_duvessa
D:7:      wad_lake_hut, grunt_temple_overflow_open, serial_shops,
          kennysheep_mini_moat, uniq_menkaure
D:11:     hangedman_ranch
Temple:   temple_eino_lava_8

Action                   |  1- 3 |  4- 6 |  7- 9 || total
-------------------------+-------+-------+-------++-------
Melee: Flail             |   103 |   149 |   247 ||   499
       Great mace        |       |    35 |       ||    35
Throw: Tomahawk          |       |     3 |     2 ||     5
Invok: Reject Sacrifices |       |       |     1 ||     1
  Use: Potion            |       |     2 |     3 ||     5
       Scroll            |       |       |    16 ||    16
 Stab: Sleeping          |     1 |       |       ||     1
  Eat: Chunk             |     1 |     7 |     7 ||    15
       Fruit             |       |       |     4 ||     4
